 Dungeon Crawl Stone Soup version 0.28-a0-313-gbc0475efdd (webtiles) character file.

Game seed: 4754570264701404358

14681 robertstho the Thaumaturge (level 12, -18/76 HPs)
             Began as a Djinni Fire Elementalist on Aug 31, 2021.
             Was an Initiate of Gozag.
             Demolished by a boulder beetle (55 damage)
             ... on level 12 of the Dungeon.
             The game lasted 00:22:02 (17461 turns).

robertstho the Thaumaturge (DjFE)                  Turns: 17461, Time: 00:22:02

Health: -18/76     AC:  7    Str: 25    XL:     12   Next: 48%
Gold:   300        EV: 14    Int: 20    God:    Gozag SH:  0 Dex: 16

rFire   + + .      SeeInvis +   D - +6 broad axe of the Lusting Fulmar {vorpal, *Noise Fragile rCorr Str+9}
rCold   . . .      Faith    .   (no shield)
rNeg    + . .      Spirit   .   a - +0 robe
rPois   ∞          Reflect  .   d - +2 helmet "Cuhi Goo" {rC+ rN+ SInv}
rElec   .          Harm     .   c - +0 cloak of Limited Liability {rCorr}
rCorr   +          Rampage  .   H - +0 pair of gloves {Str+3}
Will    +....                   (boots unavailable)
Stlth   +++.......              (no amulet)
HPRegen 0.22/turn               o - +6 ring of strength
MPRegen 0.00/turn               E - ring of resist corrosion

@: flying
A: sickness immunity, fire resistance 2, cold vulnerability 1, float, innate
caster, hp casting, extra vitality 1
a: Renounce Religion, Potion Petition, Call Merchant, Bribe Branch


You were on level 12 of the Dungeon.
You worshipped Gozag.
Gozag was aware of your devotion.
You visited 2 branches of the dungeon, and saw 13 of its levels.
You also visited: Ossuary.

You collected 1974 gold pieces.
You spent 815 gold pieces at shops.
You paid 859 gold pieces to Gozag.

Inventory:

Hand Weapons
 f - a +1 scimitar of flaming
 u - a +4 dire flail of protection
 D - the +6 broad axe of the Lusting Fulmar (weapon) {vorpal, *Noise Fragile rCorr Str+9}
   (You bought it in a shop on level 6 of the Dungeon)

   It inflicts extra damage upon your enemies.
   Str:       It affects your strength (+9).
   *Noise:    It may make noises in combat.
   rCorr:     It protects you from acid and corrosion.
   Fragile:   It will be destroyed if unequipped.
Missiles
 m - 2 throwing nets
Armour
 a - a +0 robe (worn)
 c - the +0 cloak of Limited Liability (worn) {rCorr}
   (You bought it in a shop on level 10 of the Dungeon)

   rCorr:     It protects you from acid and corrosion.
 d - the +2 helmet "Cuhi Goo" (worn) {rC+ rN+ SInv}
   (You bought it in a shop on level 10 of the Dungeon)

   rC:        It protects you from cold.
   rN:        It protects you from negative energy.
   SInv:      It lets you see invisible.
 H - a +0 pair of gloves of strength (worn)
Jewellery
 o - a +6 ring of strength (left hand)
 E - a ring of resist corrosion (right hand)
Wands
 j - a wand of digging (10)
 t - a wand of iceblast (38)
 C - a wand of acid (6)
Scrolls
 h - 3 scrolls of fog {unknown}
 k - a scroll of enchant armour {unknown}
 n - a scroll of vulnerability {unknown}
 r - a scroll of immolation {unknown}
 w - a scroll of teleportation
 z - a scroll of brand weapon
 B - 2 scrolls of fear
Potions
 b - 5 potions of curing
 e - 2 potions of lignification
 i - 6 potions of heal wounds
 p - a potion of ambrosia {unknown}
 q - 2 potions of cancellation {unknown}
 s - a potion of berserk rage {unknown}
 v - 2 potions of might {unknown}
 x - a potion of brilliance {unknown}
 F - 2 potions of degeneration {unknown}
 G - a potion of mutation


   Skills:
 + Level 2.5 Fighting
 + Level 1.3 Axes
 + Level 4.9 Dodging
 + Level 5.0 Stealth
 + Level 13.6 Spellcasting


You had 10 spell levels left.
You knew the following spells:

 Your Spells              Type           Power      Damage    Failure   Level
a - Foxfire               Conj/Fire      100%       2x1d9     1%          1
b - Conjure Flame         Conj/Fire      62%        6-21      1%          3
c - Inner Flame           Hex/Fire       62%        N/A       1%          3
d - Sticky Flame          Conj/Fire      62%        2d8       1%          4
e - Fireball              Conj/Fire      31%        3d13      1%          5
f - Magic Dart            Conj           100%       1d8       1%          1
g - Searing Ray           Conj           100%       3d7       1%          2
h - Slow                  Hex            62%        N/A       1%          2
i - Dazzling Flash        Conj/Hex       100%       N/A       1%          3
j - Airstrike             Air            31%        N/A       1%          4
Your spell library was empty.

Dungeon Overview and Level Annotations

Branches:
Dungeon (12/15)            Temple (1/1) D:5             Orc (0/2) D:12
Ossuary (visited)
   Lair: D:8-11

Altars:
Ashenzari
Cheibriados
Gozag
Hepliaklqana
Kikubaaqudgha
Makhleb
Nemelex Xobeh
Okawaru
Qazlal
Sif Muna
Trog
Uskayaw
Vehumet
Wu Jian
Xom
Yredelemnul
Zin
The Shining One

Shops:
D:6 (   D:7 [   D:10 [   D:12 *([

Annotations:
D:4 3 runed translucent doors, robertstho's ghost, amateur DjFE


Innate Abilities, Weirdness & Mutations

You are immune to sickness and miasma.
You are immune to poison.
Your flesh is very heat resistant. (rF++)
You are vulnerable to cold. (rC-)
You float through the air rather than walking.
You learn spells naturally, not from books.
Your magical power is your life essence.
You have superior vitality. (+4 HP)


Message History

The fireball engulfs the boulder beetle!
The boulder beetle is moderately wounded.
The boulder beetle curls into a ball and begins rolling!
Casting: Fireball (dangerous; 1% risk of failure)
Confirm with . or Enter, or press ? or * to list all spells.
Aiming: Fireball (dangerous; 1% risk of failure)
Press: ? - help, Shift-Dir - straight line, f/p - boulder beetle
Aim: a boulder beetle (moderately wounded, rolling)
The fireball explodes!
The fireball engulfs the boulder beetle!
The boulder beetle is heavily wounded.
Unknown command.
Casting: Fireball (dangerous; 1% risk of failure)
Confirm with . or Enter, or press ? or * to list all spells.
Aiming: Fireball (dangerous; 1% risk of failure)
Press: ? - help, Shift-Dir - straight line, f/p - boulder beetle
Aim: a boulder beetle (heavily wounded, rolling)
The fireball explodes!
The fireball engulfs the boulder beetle!
The boulder beetle is severely wounded.
Unknown command.
Casting: Fireball (dangerous; 1% risk of failure)
Confirm with . or Enter, or press ? or * to list all spells.
Aiming: Fireball (dangerous; 1% risk of failure)
Press: ? - help, Shift-Dir - straight line, f/p - boulder beetle
Aim: a boulder beetle (heavily wounded, rolling) That beam is likely to hit you.
Continue anyway?
Okay, then.
Casting: Fireball (dangerous; 1% risk of failure)
Confirm with . or Enter, or press ? or * to list all spells.
Aiming: Sticky Flame (safe; 1% risk of failure)
Press: ? - help, Shift-Dir - straight line, f/p - boulder beetle
Aim: a boulder beetle (heavily wounded, rolling, 100% to hit)
The sticky flame hits the boulder beetle but does no damage.
The boulder beetle is heavily wounded.
The boulder beetle is covered in liquid flames!
The boulder beetle burns!
The boulder beetle hits you!!!
Ouch! That really hurt!
You die...
Your body crumbles into a pile of gold.

#.....>#
#....o...$..$
#......#
#...∩....$..
####.###
#.......##.#
#<..#
#...>...# .#
#.###
#.....(.#
###'###
#...∩...#
#.....#
#..$....#'#
#.###.#
###..$.......
#.#.#.#
#....@....#
## #.#.# #
#.#..#B#.....
.# #...#
##.#°# ### $
.#####.###
#.#°#
...'.#.#.#
##..°##
####.#.#.#
#∩...∩#
#...#.#
#.....# #
#.###.#
#∩.⌠.∩# .#
#.....#
#.....# .


You could see a boulder beetle (rolling, burning).

Vanquished Creatures
  A hydra (D:12)
  4 two-headed ogres
  A death knight (D:12)
  A wizard (D:9)
  2 orc knights
  A cyclops (D:11)
  An efreet (D:12)
  A kobold demonologist (D:9)
  A yaktaur (D:11)
  A komodo dragon (D:12)
  A troll (D:10)
  18 yaks
  A shadow (D:12)
  A wraith (D:10)
  A wyvern (D:8)
  A vampire (D:9)
  2 vampire mosquitoes (D:10)
  Edmund (D:5)
  2 acid dragons (D:10)
  A water moccasin (D:5)
  A hornet zombie (D:9)
  5 orc warriors
  A sky beast (D:6)
  5 ogres
  A centaur (D:9)
  A kobold brigand (D:8)
  An elf zombie (Ossuary)
  A bullfrog (D:8)
  A scorpion (D:6)
  A wyvern zombie (D:8)
  14 wights
  6 howler monkeys
  3 bullfrog zombies
  6 centaur zombies
  2 orc priests
  5 hounds
  A bullfrog skeleton (D:7)
  A gnoll shaman (D:8)
  A centaur skeleton (D:7)
  2 iguanas
  8 orc wizards
  A hound skeleton (D:5)
  2 mummies (Ossuary)
  A howler monkey zombie (D:6)
  Robin (D:4)
  5 adders
  10 gnolls
  2 howler monkey skeletons
  A shadow imp (D:7)
  3 white imps
  2 adder skeletons (D:4)
  3 worms
  A dart slug (D:4)
  20 orcs
  5 bats
  7 endoplasms
  3 giant cockroaches
  9 hobgoblins
  4 jackals (D:2)
  5 quokkas
  12 ball pythons
  4 frilled lizards
  14 goblins
  4 goblin zombies (Ossuary)
  3 hobgoblin zombies (Ossuary)
  16 kobolds
  4 orc zombies (Ossuary)
  6 rats (D:1)
  A rat zombie (D:6)
259 creatures vanquished.

Vanquished Creatures (others)
  A cyclops (D:11)
  915 foxfires
916 creatures vanquished.

Grand Total: 1175 creatures vanquished

Notes
Turn   | Place    | Note
-------+----------+-------------------------------------------
     0 | D:1      | robertstho the Djinni Fire Elementalist began the quest for
                  | the Orb.
     0 | D:1      | Reached XP level 1. HP: 15/15 MP: 0/0
   264 | D:1      | Reached XP level 2. HP: 19/21 MP: 0/0
   779 | D:1      | Reached skill level 3 in Spellcasting
   893 | D:1      | Found a faded altar of an unknown god.
   898 | D:1      | Reached XP level 3. HP: 22/25 MP: 0/0
   898 | D:1      | Learned a level 1 spell: Magic Dart
  2225 | D:2      | Reached XP level 4. HP: 23/31 MP: 0/0
  3131 | D:3      | Reached XP level 5. HP: 25/35 MP: 0/0
  3131 | D:3      | Learned a level 2 spell: Searing Ray
  3274 | D:3      | Reached skill level 4 in Spellcasting
  3659 | D:3      | Reached XP level 6. HP: 28/40 MP: 0/0
  4472 | D:4      | Found a runed translucent gate.
  4474 | D:4      | Found a runed translucent gate.
  4474 | D:4      | Found a runed translucent gate.
  4477 | D:4      | Noticed robertstho's ghost (amateur DjFE)
  4611 | D:4      | Noticed Robin
  4620 | D:4      | Killed Robin
  4848 | D:4      | Reached skill level 5 in Spellcasting
  5151 | D:4      | Reached XP level 7. HP: 22/46 MP: 0/0
  5151 | D:4      | Learned a level 2 spell: Slow
  5785 | D:4      | Reached skill level 6 in Spellcasting
  6027 | D:4      | Found a hazy altar of Hepliaklqana.
  6054 | D:4      | Found an ornate altar of the Wu Jian Council.
  6198 | D:5      | Entered Level 5 of the Dungeon
  6231 | D:5      | Noticed Edmund
  6250 | D:5      | Killed Edmund
  6251 | D:5      | Reached XP level 8. HP: 35/51 MP: 0/0
  6757 | D:5      | Found a glowing golden altar of the Shining One.
  6994 | D:5      | Found a staircase to the Ecumenical Temple.
  7008 | D:5      | Reached skill level 1 in Fighting
  7063 | Temple   | Entered the Ecumenical Temple
  7186 | Temple   | Became a worshipper of Gozag Ym Sagoz the Greedy
  7621 | D:6      | Noticed a yak
  7622 | D:6      | Noticed a yak
  7632 | D:6      | Noticed a yak
  7641 | D:6      | Killed a yak
  7642 | D:6      | Reached skill level 7 in Spellcasting
  7810 | D:6      | Found a sand-covered staircase.
  7827 | Ossuary  | Entered an ossuary
  8056 | Ossuary  | Reached XP level 9. HP: 52/57 MP: 0/0
  8056 | Ossuary  | Learned a level 3 spell: Dazzling Flash
  8408 | D:6      | Found Ladad's Antique Weapon Shop.
  8411 | D:6      | Bought a slimy broad axe for 225 gold pieces
  8411 | D:6      | Identified the +6 broad axe of the Lusting Fulmar {vorpal,
                  | *Noise Fragile rCorr Str+9} (You bought it in a shop on
                  | level 6 of the Dungeon)
  8538 | D:6      | Reached skill level 8 in Spellcasting
  8547 | D:6      | Identified the +8 mace of Ifacom {drain, rPois}
  9066 | D:6      | Found a shimmering altar of Xom.
  9475 | D:7      | Reached skill level 9 in Spellcasting
  9651 | D:7      | Found Idduusin's Armour Shoppe.
  9713 | D:7      | Reached XP level 10. HP: 49/64 MP: 0/0
 11335 | D:8      | Reached skill level 10 in Spellcasting
 11639 | D:9      | Noticed a two-headed ogre
 11642 | D:9      | Killed a two-headed ogre
 11831 | D:9      | Noticed a kobold demonologist
 11838 | D:9      | Killed a kobold demonologist
 11852 | D:9      | Noticed a two-headed ogre
 11857 | D:9      | Killed a two-headed ogre
 12115 | D:9      | Noticed a wizard
 12118 | D:9      | Killed a wizard
 12119 | D:9      | Reached skill level 11 in Spellcasting
 12119 | D:9      | Reached XP level 11. HP: 60/69 MP: 0/0
 12119 | D:9      | Learned a level 4 spell: Airstrike
 13282 | D:9      | Noticed a two-headed ogre
 13287 | D:9      | Killed a two-headed ogre
 13588 | D:9      | Reached skill level 1 in Axes
 13591 | D:9      | Reached skill level 12 in Spellcasting
 13805 | D:10     | Entered Level 10 of the Dungeon
 15382 | D:11     | Noticed a cyclops
 15385 | D:11     | Killed a cyclops
 15621 | D:11     | Noticed an orc knight
 15627 | D:11     | Killed an orc knight
 15630 | D:11     | Noticed a cyclops
 15634 | D:11     | Killed a cyclops
 15635 | D:11     | Reached XP level 12. HP: 35/76 MP: 0/0
 15652 | D:11     | Noticed a skeletal warrior
 15845 | D:10     | Bought an encrusted cloak for 275 gold pieces
 15845 | D:10     | Identified the +0 cloak of Limited Liability {rCorr} (You
                  | bought it in a shop on level 10 of the Dungeon)
 15845 | D:10     | Bought a heavily runed helmet for 275 gold pieces
 15845 | D:10     | Identified the +2 helmet "Cuhi Goo" {rC+ rN+ SInv} (You
                  | bought it in a shop on level 10 of the Dungeon)
 16084 | D:11     | Noticed a boulder beetle
 16405 | D:12     | Reached skill level 13 in Spellcasting
 16555 | D:12     | Found Xypuor's Weapon Shop.
 16561 | D:12     | Found a staircase to the Orcish Mines.
 16623 | D:12     | Noticed a two-headed ogre
 16635 | D:12     | Killed a two-headed ogre
 16982 | D:12     | Noticed a death knight
 16986 | D:12     | Killed a death knight
 17156 | D:12     | Noticed a six-headed hydra
 17163 | D:12     | Killed a six-headed hydra
 17164 | D:12     | Reached skill level 5 in Stealth
 17322 | D:12     | Found Teetz's CLEARANCE SALE! EVERYTHING MUST GO!.
 17330 | D:12     | Bought a potion of magic for 40 gold pieces
 17331 | D:12     | Found Luha's Armour Shop.
 17455 | D:12     | Noticed a boulder beetle
 17461 | D:12     | Demolished by a boulder beetle

Illustrated notes

Levels and vault maps discovered:
D:1:      doesnt_arrival_eight_statues, layout_rooms,
          dreamdust_ecumenical_altar_statues, st_stairs_4
D:2:      layout_basic
D:3:      layout_loops_ring, st_stairs_11, minivault_23
D:4:      minmay_bubble_buster, layout_basic, mainiacjoe_overflow_tiny_flanked,
          nzn_hepliaklqana_mist_gate, gammafunk_ghost_necromancy, uniq_robin
D:5:      wander_river, layout_basic, lemuel_tele_altar,
          minmay_temple_entry_wispy, uniq_edmund
D:6:      layout_basic, lemuel_round_altar, enter_ossuary_3, serial_shops,
          nicolae_shop_behind_doors
D:7:      layout_cave_pools, serial_shops, nicolae_shop_crystal
D:8:      layout_gridville
D:9:      layout_basic
D:10:     layout_stronghold
D:11:     minmay_tri_box, layout_basic, lair_entry_dummy, serial_undead,
          serial_undead_a, serial_undead_a, serial_undead_d, serial_undead_c,
          nicolae_tso_carved_into_rock
D:12:     layout_roguey, orc_david_3, nicolae_shop_clearance
Temple:   dpeg_five_rooms_temple

Skill      XL: |  1  2  3  4  5  6  7  8  9 10 11 12 |
---------------+-------------------------------------+-----
Spellcasting   | 3 4 5 6 7 9 11 12 13 | 13.6
Stealth        | 2 3 4 5 |  5.0
Dodging        | 3 4 |  4.9
Fighting       | 1 2 |  2.5
Axes           | 1 |  1.3

Action                   |  1- 3 |  4- 6 |  7- 9 | 10-12 || total
-------------------------+-------+-------+-------+-------++-------
Melee: Dire flail        |       |       |     1 |       ||     1
       Broad axe         |       |       |     7 |     1 ||     8
 Cast: Foxfire           |   112 |   164 |   261 |     8 ||   545
       Sticky Flame      |       |       |    14 |    14 ||    28
       Fireball          |       |       |       |   163 ||   163
       Dazzling Flash    |       |       |       |     3 ||     3
       Airstrike         |       |       |       |     5 ||     5
       Conjure Flame     |       |       |       |     1 ||     1
Invok: Call Merchant     |       |       |       |     1 ||     1
  Use: Scroll            |       |       |       |    12 ||    12
       Potion            |       |       |       |     1 ||     1
 Stab: Sleeping          |       |       |     1 |       ||     1
Armor: Robe              |     4 |     7 |    12 |     3 ||    26
Dodge: Dodged            |     6 |    19 |    38 |    19 ||    82

Table legend: (Time is in decaauts)
 A = Elapsed time spent in this place.
 B = Non-inter-level travel time spent in this place.
 C = Inter-level travel time spent in this place.
 D = Time resting spent in this place.
 E = Time spent auto-exploring this place.
 F = Levels seen in this place.
 G = Mean time per level.
                   A        B        C        D        E       F      G
               +--------+--------+--------+--------+--------+-----+--------+
         Total |  17464 |  16935 |    529 |   1299 |  13855 |  14 | 1247.4 |
       Dungeon |  16755 |  16303 |    452 |   1299 |  13309 |  12 | 1396.2 |
        Temple |    199 |    123 |     76 |      0 |    110 |   1 |  199.0 |
       Ossuary |    508 |    508 |      0 |      0 |    436 |   1 |  508.0 |
               +--------+--------+--------+--------+--------+-----+--------+

Top non-repeatable levels by time:
     D:9: 2166 daAuts
     D:4: 1929 daAuts
    D:10: 1776 daAuts
     D:8: 1633 daAuts
     D:1: 1547 daAuts
     D:3: 1386 daAuts
    D:12: 1359 daAuts
     D:2: 1332 daAuts
     D:5: 1168 daAuts
     D:6: 1123 daAuts
     D:7: 808 daAuts
    D:11: 522 daAuts
 Ossuary: 508 daAuts
  Temple: 199 daAuts
